 Dungeon Crawl Stone Soup version 0.30.1-11-g7821555f0a (webtiles) character file.

Game seed: 5149460611880136022

299 PaiMei the Grave Robber (level 6, -1/46 HPs)
             Began as a Demonspawn Necromancer on Jan 3, 2024.
             Slain by a gnoll
             ... wielding a +2 whip of electrocution
              (19 damage)
             ... on level 6 of the Dungeon.
             The game lasted 00:04:37 (4522 turns).

PaiMei the Grave Robber (Demonspawn Necromancer)    Turns: 4522, Time: 00:04:38

Health: -1/46      AC:  7    Str:  8    XL:     6   Next: 13%
Magic:  1/11       EV: 13    Int: 19    God:
Gold:   40         SH:  0    Dex: 13    Spells: 3/11 levels left

rFire   . . .        a - +3 dagger (drain)
rCold   . . .        (no shield)
rNeg    . . .        s - +2 robe {Will+}
rPois   .            (helmet restricted)
rElec   .            (no cloak)
rCorr   .            y - +0 pair of gloves
SInv    +            (no boots)
Will    +....        t - amulet of regeneration
Stlth   ++           i - ring of see invisible
HPRegen 1.07/turn    (no ring)
MPRegen 0.12/turn

%: no passive effects
@: no status effects
A: horns 1, icy blue scales 1
a: no special abilities


You were on level 6 of the Dungeon.
You visited 1 branch of the dungeon, and saw 6 of its levels.

You collected 221 gold pieces.
You spent 181 gold pieces at shops.

Inventory:

Hand Weapons
 a - a +3 dagger of draining (weapon)
 c - a +0 dagger
Armour
 s - a +2 robe of willpower (worn)
 y - a +0 pair of gloves (worn)
Jewellery
 i - a ring of see invisible (left hand)
 t - an amulet of regeneration (around neck)
Wands
 v - a wand of flame (13)
Scrolls
 g - 3 scrolls of enchant weapon {unknown}
 h - a scroll of silence {unknown}
 j - 3 scrolls of identify
 k - 4 scrolls of magic mapping {unknown}
 l - 4 scrolls of fog
 m - a scroll of immolation {unknown}
 n - a scroll of fear {unknown}
 q - 2 scrolls of amnesia {unknown}
 u - 2 scrolls of teleportation
 w - a scroll of enchant armour {unknown}
 z - a scroll of blinking
Potions
 b - a potion of magic
 d - 2 potions of ambrosia {unknown}
 e - 4 potions of lignification {unknown}
 f - 2 potions of berserk rage {unknown}
 o - 2 potions of attraction {unknown}
 p - 3 potions of curing {unknown}
 r - 2 potions of heal wounds {unknown}
 x - a potion of mutation {unknown}


   Skills:
 + Level 2.6 Fighting
 + Level 3.2 Dodging
 - Level 2.0 Stealth
 + Level 3.4 Spellcasting
 + Level 5.5 Necromancy


You had 3 spell levels left.
You knew the following spells:

 Your Spells              Type           Power      Damage    Failure   Level
a - Necrotise             Necr           96%        1d8       1%          1
b - Vampiric Draining     Necr           24%        2d7       4%          3
c - Animate Dead          Necr           24%        N/A       16%         4

Your spell library contained the following spells:

 Spells                   Type           Power      Damage    Failure   Level
 Agony                    Necr           24%        N/A       38%         5


Dungeon Overview and Level Annotations

Branches:
Dungeon (6/15)
 Temple: D:4-7

Altars:
Sif Muna
Vehumet

Shops:
D:6 ?


Innate Abilities, Weirdness & Mutations

You have a pair of small horns on your head.
You are partially covered in icy blue scales. (AC +2)


Message History

Casting: Vampiric Draining (dangerous; 4% risk of failure)
Confirm with . or Enter, or press ? or * to list all spells.
You don't have enough magic to cast this spell.
Casting: Vampiric Draining (dangerous; 4% risk of failure)
Confirm with . or Enter, or press ? or * to list all spells.
You don't have enough magic to cast this spell.
The gnoll attacks as you move away!
The gnoll hits you with a +2 whip of electrocution.
Casting: Vampiric Draining (dangerous; 4% risk of failure)
Confirm with . or Enter, or press ? or * to list all spells.
You don't have enough magic to cast this spell.
The gnoll attacks as you move away! The gnoll closely misses you.
The gnoll attacks as you move away!
The gnoll hits you with a +2 whip of electrocution.
Your magical contamination has completely faded away.
There is an entrance to Bienun's Magic Scroll Boutique here.
The gnoll attacks as you move away! The gnoll misses you.
The gnoll attacks as you move away! The gnoll completely misses you.
The gnoll attacks as you move away! The gnoll hits you but does no damage.
You are electrocuted!
Casting: Vampiric Draining (dangerous; 4% risk of failure)
Confirm with . or Enter, or press ? or * to list all spells.
Aiming: Necrotise (safe; 1% risk of failure)
Press: ? - help, Shift-Dir - straight line, f - gnoll
Aim: a gnoll, wielding a +2 whip of electrocution (chance to affect: 88%)
The gnoll barely resists.
The gnoll hits you with a +2 whip of electrocution.
Casting: Necrotise (safe; 1% risk of failure)
Confirm with . or Enter, or press ? or * to list all spells.
Aiming: Necrotise (safe; 1% risk of failure)
Press: ? - help, Shift-Dir - straight line, f/p - gnoll
Aim: a gnoll, wielding a +2 whip of electrocution (chance to affect: 88%)
The gnoll writhes in agony!
The gnoll hits you but does no damage.
Casting: Necrotise (safe; 1% risk of failure)
Confirm with . or Enter, or press ? or * to list all spells.
You don't have enough magic to cast this spell.
A gnoll comes into view. It is wielding a +0 flail.
The gnoll attacks as you move away! The gnoll hits you but does no damage.
You are electrocuted!!
You die...

#......##.......#
#.....†.........#####
+..l##........#..##.####
#.g.####.....###Y...#..#
#....# #.#.............#
#...## #....###.......##
.....g..#
#########..####.#
#.........#.## ##....#
###
>.......>...@####...###
...........$.g.Y...##
........#..$.......#
#..................#
#.................##
............##
.............#
..>....#....##
.#...#.....#


You could see an ice beast and 2 gnolls.

Vanquished Creatures
  A scorpion (D:6)
  A howler monkey (D:6)
  Jessica (D:2)
  An iguana (D:6)
  7 gnolls
  An adder (D:4)
  An ufetubus (D:4)
  A worm (D:3)
  2 dart slugs
  6 endoplasms
  3 giant cockroaches
  9 goblins
  3 hobgoblins
  4 quokkas
  5 ball pythons
  8 bats
  3 frilled lizards
  6 kobolds
  5 rats
68 creatures vanquished.

Vanquished Creatures (collateral kills)
  A frilled lizard (D:3)
  A kobold (D:2)
  A rat (D:3)
3 creatures vanquished.

Grand Total: 71 creatures vanquished

Notes
Turn   | Place    | Note
-------+----------+-------------------------------------------
     0 | D:1      | PaiMei the Demonspawn Necromancer began the quest for the
                  | Orb.
     0 | D:1      | Reached XP level 1. HP: 13/13 MP: 3/3
   362 | D:1      | Gained mutation: You have a pair of small horns on your
                  | head. [demonic ancestry]
   362 | D:1      | Reached XP level 2. HP: 19/19 MP: 1/5
   952 | D:1      | Reached XP level 3. HP: 15/25 MP: 0/6
  1334 | D:2      | Reached skill level 1 in Fighting
  1843 | D:2      | Noticed Jessica
  1847 | D:2      | Killed Jessica
  1848 | D:2      | Reached XP level 4. HP: 30/32 MP: 2/7
  2224 | D:3      | Learned a level 3 spell: Vampiric Draining
  2241 | D:3      | Reached skill level 5 in Necromancy
  2711 | D:3      | Found a radiant altar of Vehumet.
  3012 | D:3      | Found a shimmering blue altar of Sif Muna.
  3500 | D:4      | Reached XP level 5. HP: 38/38 MP: 5/9
  3936 | D:4      | Identified the +0 robe of Refuge {rElec rC++ Int-2 SInv}
  4004 | D:4      | You fall into a shaft and drop 2 floors!
  4019 | D:5      | Entered Level 5 of the Dungeon
  4308 | D:6      | Learned a level 4 spell: Animate Dead
  4334 | D:6      | Found Bienun's Magic Scroll Boutique.
  4343 | D:6      | Bought a scroll of teleportation for 33 gold pieces
  4343 | D:6      | Bought a scroll of blinking for 82 gold pieces
  4343 | D:6      | Bought a scroll of fog for 44 gold pieces
  4343 | D:6      | Bought a scroll of identify for 22 gold pieces
  4365 | D:6      | Noticed an ice beast
  4389 | D:6      | Gained mutation: You are partially covered in icy blue
                  | scales. (AC +2) [demonic ancestry]
  4389 | D:6      | Reached XP level 6. HP: 46/46 MP: 0/11
  4522 | D:6      | Slain by a gnoll

Illustrated notes

Levels and vault maps discovered:
D:1:      ebering_trefoil_twist, layout_loops_corners
D:2:      layout_rooms, kennysheep_generic_room_8, uniq_jessica
D:3:      layout_loops_ring, lemuel_coloured_pillars_altar,
          nicolae_overflow_two_pavilions
D:4:      layout_loops_ring
D:5:      layout_rooms, mainiacjoe_overflow_divided_tiny,
          minmay_temple_entry_glass, st_stairs_7, kennysheep_generic_room_14
D:6:      layout_cave_pools, lemuel_doored_altar, lemuel_round_altar,
          serial_shops, shop, uniq_grinder

Skill      XL: |  1  2  3  4  5 |
---------------+----------------+-----
Dodging        | 2 3 |  3.2
Stealth        | 2 |  2.0
Fighting       | 1 2 |  2.6
Necromancy     | 5 |  5.5
Spellcasting   | 3 |  3.4

Action                     |  1- 3 |  4- 6 || total
---------------------------+-------+-------++-------
  Melee: Dagger            |    10 |    25 ||    35
         Headbutt          |     1 |     4 ||     5
   Cast: Necrotise         |    61 |    69 ||   130
         Vampiric Draining |       |     4 ||     4
 Armour: Robe              |     5 |    16 ||    21
  Dodge: Dodged            |    19 |    51 ||    70
